Map: Acid Plant LE

Players

axu - Winner!

  • Race: Protoss Protoss
  • League: Platinum
  • Spawn Location: 11:00

VOD

Have the link to the VOD?

Description

Time

  • Played on: April 12, 2018, 9:43 a.m.
  • Length: 32:57
Show
View Real Time Build Order
Export as new Build Order

axu Protoss - Winner!

Build Orders:  

Get SALT Encoding   

  12  0:03  Probe (Chrono Boost)  
  14  0:20  Probe (Chrono Boost)  
  14  0:24  Pylon  
  14  0:39  Probe (Chrono Boost)  
  15  0:58  Gateway  
  15  1:07  Probe (Chrono Boost)  
  16  1:14  Assimilator  
  16  1:19  Probe (Chrono Boost)  
  17  1:31  Probe (Chrono Boost)  
  18  1:47  Probe (Chrono Boost)  
  19  2:08  Probe (Chrono Boost)  
  20  2:10  Nexus  
  20  2:19  Cybernetics Core  
  20  2:33  Probe (Chrono Boost)  
  20  2:38  Assimilator  
  22  2:50  Probe (Chrono Boost)  
  22  3:08  Pylon  
  23  3:12  Probe (Chrono Boost)  
  24  3:47  Stargate  
  24  3:52  Probe (Chrono Boost)  
  24  3:56  Probe (Chrono Boost)  
  26  4:11  Unknown  
  26  4:16  Unknown  
  26  4:24  Probe  
  26  4:25  Probe  
  28  4:33  Unknown  
  28  4:41  Probe x2  
  30  4:57  Oracle, Probe (Chrono Boost)  
  30  4:59  Probe (Chrono Boost)  
  35  5:02  Warp Gate (Chrono Boost)  
  35  5:05  Unknown  
  35  5:10  Probe (Chrono Boost)  
  35  5:18  Probe (Chrono Boost)  
  37  5:22  Robotics Facility  
  37  5:25  Probe (Chrono Boost)  
  37  5:26  Twilight Council  
  37  5:27  Forge  
  38  5:35  Probe (Chrono Boost)  
  38  5:42  Probe (Chrono Boost)  
  38  5:47  Gateway  
  38  5:48  Gateway  
  39  5:52  Probe (Chrono Boost)  
  39  5:57  Pylon  
  39  5:59  Probe (Chrono Boost)  
  40  6:02  Oracle  
  40  6:09  Probe (Chrono Boost)  
  44  6:14  Assimilator  
  44  6:16  Probe (Chrono Boost)  
  45  6:20  Pylon  
  45  6:23  Gateway  
  45  6:26  Probe (Chrono Boost)  
  45  6:27  Gateway  
  46  6:45  Probe x2  
  48  6:52  Assimilator  
  48  7:02  Probe x2, Protoss Ground Weapons Level 1  
  50  7:14  Stalker x2  
  50  7:16  Stalker  
  50  7:19  Probe  
  57  7:39  Immortal  
  61  7:54  Charge (Chrono Boost)  
  61  8:18  Pylon  
  61  8:21  Pylon  
  61  8:25  Pylon  
  61  8:27  Pylon  
  61  8:31  Probe  
  61  8:36  Nexus  
  62  8:40  Pylon  
  62  8:43  Pylon  
  62  8:44  Probe  
  62  8:48  Probe, Pylon  
  64  8:53  Pylon  
  64  8:59  Forge  
  64  9:00  Immortal  
  64  9:03  Stalker  
  64  9:04  Stalker x2  
  64  9:07  Sentry  
  64  9:08  Sentry  
  78  9:14  Probe x2  
  80  9:31  Probe x2  
  80  9:36  Shield Battery  
  82  9:40  Shield Battery  
  82  9:46  Protoss Ground Weapons Level 2  
  82  9:47  Protoss Ground Armor Level 1  
  82  9:48  Probe x2  
  84  10:12  Immortal  
  84  10:17  Stalker  
  84  10:19  Adept  
  92  10:24  Assimilator  
  92  10:26  Sentry x2  
  92  10:27  Sentry  
  98  10:32  Assimilator  
  98  10:45  Probe x3  
  101  10:53  Zealot x2  
  105  11:02  Probe x2  
  105  11:06  Gateway x2  
  105  11:09  Gateway  
  106  11:23  Probe x2  
  106  11:27  Observer  
  109  11:31  Robotics Facility  
  109  11:35  Probe  
  110  11:40  Probe  
  110  11:47  Photon Cannon  
  110  11:48  Blink (Chrono Boost)  
  111  11:50  Photon Cannon  
  111  11:55  Photon Cannon  
  111  12:04  Gateway  
  111  12:05  Gateway  
  111  12:11  Probe x2, Gateway  
  111  12:12  Probe  
  111  12:15  Immortal  
  115  13:04  Zealot x3  
  115  13:05  Zealot x2  
  118  13:41  Zealot  
  118  13:42  Zealot x3  
  118  13:43  Zealot x4  
  118  13:44  Zealot x3  
  132  13:58  Pylon  
  122  14:00  Pylon  
  122  14:02  Protoss Ground Weapons Level 3 (Chrono Boost)  
  122  14:04  Protoss Ground Armor Level 2 (Chrono Boost), Pylon  
  122  14:20  Templar Archives  
  122  14:23  Adept  
  122  14:24  Adept x3  
  122  14:25  Adept, Stalker  
  122  14:26  Stalker x4  
  122  14:27  Stalker  
  144  14:59  Observer x2  
  146  15:02  Probe  
  146  15:03  Probe  
  148  15:26  Nexus  
  148  15:28  Pylon  
  148  15:29  Warp Prism x2  
  152  15:30  Pylon  
  152  15:34  Pylon  
  152  15:38  Pylon  
  152  15:44  Pylon  
  152  15:49  Assimilator  
  148  15:56  Assimilator  
  117  16:18  High Templar x3  
  117  16:19  High Templar x4  
  131  16:20  High Templar x4  
  131  16:21  Unknown  
  131  16:23  Archon  
  131  16:24  Archon  
  131  16:25  Archon x2  
  131  16:26  Archon  
  139  16:43  Immortal x2  
  143  17:28  High Templar x4  
  143  17:29  High Templar x4  
  159  17:30  High Templar x2  
  163  17:43  Archon x3  
  163  17:44  Archon  
  163  17:46  Archon  
  163  18:11  Pylon  
  163  18:22  Dark Shrine  
  163  18:28  Stargate  
  163  18:29  Protoss Shields Level 1 (Chrono Boost)  
  163  18:31  Robotics Bay  
  163  18:39  Protoss Ground Armor Level 3 (Chrono Boost)  
  157  19:09  Zealot x2  
  155  19:10  Zealot x4  
  155  19:11  Zealot x4  
  155  19:12  Zealot  
  173  19:31  Stargate  
  173  19:33  Stargate  
  173  19:35  Fleet Beacon  
  173  19:36  Stargate  
  173  20:05  Probe x3  
  176  20:22  Probe x2  
  178  20:32  Photon Cannon  
  178  20:33  Photon Cannon  
  178  20:35  Photon Cannon  
  178  20:38  Photon Cannon  
  178  20:40  Nexus  
  178  20:41  Photon Cannon  
  178  20:42  Pylon  
  178  20:43  Photon Cannon  
  178  20:45  Pylon  
  178  20:46  Photon Cannon  
  178  20:48  Shield Battery, Pylon  
  178  20:50  Shield Battery, Assimilator  
  178  20:53  Shield Battery  
  178  20:57  Assimilator  
  178  20:58  Shield Battery  
  178  21:01  Photon Cannon  
  178  21:04  Photon Cannon  
  178  21:09  Photon Cannon x2  
  178  21:11  Shield Battery  
  178  21:13  Photon Cannon  
  178  21:14  Photon Cannon  
  178  21:15  Photon Cannon  
  178  21:17  Photon Cannon  
  178  21:21  Photon Cannon  
  178  21:25  Photon Cannon  
  178  21:28  Carrier x2 (Chrono Boost)  
  196  21:40  Photon Cannon  
  196  21:42  Graviton Catapult, Photon Cannon  
  196  21:44  Carrier (Chrono Boost)  
  196  22:08  Observer  
  196  22:09  Observer  
  170  22:52  Carrier (Chrono Boost)  
  182  23:06  Carrier (Chrono Boost)  
  182  23:09  Cybernetics Core  
  162  23:51  High Templar x5  
  162  23:52  High Templar  
  162  23:53  Zealot x4  
  162  23:54  Zealot  
  162  23:56  Immortal x2  
  198  24:02  Carrier (Chrono Boost)  
  198  24:10  Protoss Air Weapons Level 1 (Chrono Boost)  
  198  24:11  Protoss Air Armor Level 1 (Chrono Boost)  
  198  24:31  Protoss Shields Level 2 (Chrono Boost)  
  198  24:50  Photon Cannon  
  198  24:51  Photon Cannon  
  198  24:54  Photon Cannon  
  198  24:58  Photon Cannon  
  196  25:01  Photon Cannon  
  196  25:07  Photon Cannon  
  196  25:10  Photon Cannon  
  192  25:48  Carrier  
  198  26:04  Nexus  
  198  26:07  Pylon  
  198  26:09  Pylon  
  196  26:12  Pylon  
  196  26:15  Pylon  
  196  26:17  Pylon  
  196  26:20  Assimilator  
  196  26:22  Unknown  
  196  26:25  Assimilator  
  188  31:35  Zealot  
  188  31:36  Zealot x4  
  188  31:37  Zealot  
  200  32:09  Nexus  
  200  32:11  Pylon  
  200  32:13  Pylon  
  200  32:18  Pylon  
  200  32:23  Pylon  
  200  32:26  Assimilator  
  200  32:33  Assimilator  
Tags
 
Add a new tag
Caveats
  • Supply blocks, unpowered buildings, or Contaminate may cause inaccurate times.
  • Supply counts are checked every 10 seconds.